Get step-by-step instructions on how to execute this build order below. Start the game timer, and the build order will tick by so you can play in parallel with StarCraft on a second screen or mobile device.

Game Time

  0:00

Last Step

  N/A

Next Step

Upcoming Step



Don't want to look back and forth between 2 screens? Try out our Overwolf App, the Spawning Tool Build Advisor to get an in-game overlay with this build!

Complete Build Order

  12  0:00  Probe  
  13  0:12  Probe  
  14  0:16  Pylon  
  14  0:24  Probe (Chrono Boost)  
  15  0:34  Gateway  
  15  0:36  Probe (Chrono Boost)  
  16  0:45  Probe (Chrono Boost), Assimilator  
  17  0:50  Probe  
  18  1:03  Probe  
  19  1:15  Probe  
  20  1:21  Zealot  
  20  1:22  Pylon  
  20  1:24  Cybernetics Core  
  22  1:27  Probe  
  22  1:29  Assimilator  
  24  1:40  Probe  
  24  1:51  Pylon  
  24  1:52  Probe  
  25  1:58  Adept (Chrono Boost)  
  27  2:04  Probe  
  28  2:10  Stargate  
  28  2:16  Probe  
  28  2:18  Warp Gate  
  29  2:23  Adept  
  31  2:44  Nexus  
  31  2:48  Probe  
  32  2:55  Oracle (Chrono Boost)  
  35  3:00  Probe  
  36  3:09  Pylon  
  37  3:12  Probe  
  37  3:24  Twilight Council  
  37  3:25  Probe  
  36  3:38  Probe  
  36  3:40  Gateway  
  35  3:44  Gateway  
  35  3:50  Probe  
  36  3:57  Blink (Chrono Boost)  
  37  4:08  Stalker  
  37  4:09  Probe x2  
  40  4:17  Pylon  
  40  4:21  Gateway  
  39  4:33  Stalker  
  39  4:38  Stalker  
  39  4:40  Probe x2  
  38  4:52  Probe x2  
  38  4:58  Stalker  
  40  5:01  Gateway  
  40  5:04  Probe  
  41  5:10  Stalker  
  43  5:15  Stalker  
  43  5:16  Probe  
  43  5:19  Probe  
  47  5:28  Stalker  
  47  5:29  Probe  
  47  5:31  Probe  
  51  5:41  Probe  
  52  5:43  Probe  
  52  5:45  Stalker x2  
  57  5:51  Stalker, Pylon  
  57  6:04  Nexus  
  57  6:06  Probe  
  57  6:08  Probe  
  59  6:15  Charge  
  60  6:18  Probe (Chrono Boost)  
  60  6:20  Probe (Chrono Boost)  
  60  6:23  Assimilator  
  60  6:25  Assimilator  
  61  6:29  Forge  
  61  6:30  Probe (Chrono Boost)  
  61  6:32  Probe (Chrono Boost)  
  63  6:36  Probe (Chrono Boost)  
  63  6:37  Probe (Chrono Boost)  
  65  6:44  Probe  
  65  6:46  Probe  
  63  6:52  Robotics Facility  
  61  6:54  Stalker  
  61  6:57  Probe  
  61  6:58  Protoss Ground Weapons Level 1 (Chrono Boost), Probe  
  61  7:00  Sentry x2  
  69  7:09  Probe  
  69  7:12  Pylon  
  70  7:16  Probe (Chrono Boost)  
  70  7:19  Stalker x2  
  70  7:21  Probe (Chrono Boost)  
  76  7:23  Probe (Chrono Boost)  
  76  7:28  Probe (Chrono Boost)  
  78  7:31  Probe (Chrono Boost)  
  78  7:32  Probe (Chrono Boost)  
  78  7:34  Gateway, Probe (Chrono Boost)  
  78  7:36  Probe (Chrono Boost)  
  81  7:37  Probe (Chrono Boost)  
  81  7:41  Stalker  
  81  7:42  Probe  
  84  7:46  Pylon  
  84  7:47  Probe  
  85  7:56  Robotics Facility, Robotics Bay  
  85  7:58  Assimilator  
  85  8:01  Assimilator  
  85  8:04  Probe x3  
  85  8:05  Observer, Pylon  
  89  8:09  Pylon  
  89  8:10  Zealot  
  91  8:15  Gateway x2  
  91  8:17  Probe x2  
  91  8:18  Shield Battery, Pylon  
  93  8:23  Probe  
  93  8:25  Gateway  
  94  8:28  Gateway  
  94  8:29  Probe x2, Gateway  
  94  8:32  Observer (Chrono Boost)  
  94  8:33  Pylon  
  97  8:36  Sentry  
  97  8:37  Zealot x3  
  105  8:41  Pylon  
  105  8:44  Colossus (Chrono Boost)  
  111  8:51  Colossus (Chrono Boost)  
  117  9:01  Pylon  
  117  9:04  Nexus  
  117  9:07  Probe x3  
  120  9:17  Protoss Ground Weapons Level 2 (Chrono Boost)  
  118  9:19  Probe, Pylon  
  118  9:22  Forge  
  118  9:23  Extended Thermal Lance (Chrono Boost)  
  119  9:29  Templar Archives, Probe x2  
  119  9:31  Probe  
  122  9:33  Colossus  
  128  9:40  Colossus  
  128  9:45  Shield Battery, Probe x2  
  136  9:46  Probe  
  136  9:50  Protoss Ground Armor Level 1 (Chrono Boost)  
  136  9:51  Photon Cannon  
  137  9:54  Photon Cannon  
  137  10:03  Photon Cannon  
  137  10:04  Photon Cannon  
  137  10:12  Stalker x3  
  143  10:17  Stalker  
  143  10:20  Stalker x2  
  149  10:24  Stalker  
  152  10:28  Probe x3  
  152  10:32  Disruptor  
  152  10:33  Disruptor  
  158  10:41  Zealot x3  
  164  10:45  Pylon  
  164  10:47  Pylon  
  164  11:07  Nexus, Zealot x4  
  164  11:08  Disruptor, High Templar  
  164  11:09  High Templar, Pylon x2  
  179  11:11  Pylon  
  179  11:12  Archon  
  179  11:21  Protoss Ground Weapons Level 3 (Chrono Boost)  
  179  11:22  Pylon  
  179  11:23  Assimilator  
  179  11:26  Disruptor  
  179  11:29  Assimilator  
  179  11:30  High Templar x2  
  179  11:31  Zealot x5  
  196  11:34  Archon  
  196  11:37  Protoss Ground Armor Level 2 (Chrono Boost)  
  196  11:38  Gateway, Protoss Air Weapons Level 1  
  194  11:53  Disruptor  
  195  12:01  Gravitic Drive  
  187  12:14  Probe x2  
  187  12:15  Probe  
  188  12:16  Probe  
  188  12:19  Zealot x5, Assimilator  
  199  12:22  Assimilator  
  197  12:30  Probe  
  197  12:32  Stalker  
  200  12:39  Stargate  
  200  12:47  Photon Cannon  
  200  12:49  Photon Cannon  
  200  12:51  Photon Cannon  
  198  13:03  Nexus  
  198  13:05  Pylon  
  198  13:20  Zealot  
  182  13:35  Stalker x9  
  193  13:48  Fleet Beacon  
  193  13:49  Observer  
  193  13:51  Stargate  
  193  13:53  Observer  
  193  13:55  Stargate  
  193  13:58  Stargate  
  193  14:00  Photon Cannon  
  193  14:02  Photon Cannon  
  177  14:10  Gateway  
  177  14:13  Gateway  
  177  14:14  Gateway  
  177  14:16  Cybernetics Core  
  177  14:25  Protoss Air Armor Level 1 (Chrono Boost)  
  177  14:28  Pylon  
  177  14:34  Nexus  
  177  14:35  Tempest (Chrono Boost)  
  177  14:37  Pylon  
  187  14:44  Tempest x2 (Chrono Boost)  
  197  14:45  Zealot  
  197  14:48  Tempest (Chrono Boost)  
  197  15:12  Psionic Storm  
  197  15:18  Protoss Air Weapons Level 2  
  195  15:30  Protoss Shields Level 1  
  195  15:35  Stalker x2  
  199  15:37  Protoss Ground Armor Level 3 (Chrono Boost)  
  199  15:41  Dark Shrine  
  199  15:42  Pylon  
  198  15:43  Gravitic Boosters (Chrono Boost)  
  198  15:44  Pylon  
  198  15:50  Zealot  
  192  16:02  Zealot x4  
  200  16:09  Pylon  
  200  16:11  Pylon  
  200  16:23  Nexus, Pylon  
  200  16:27  Observer  
  200  16:30  Disruptor x2  
  184  16:34  Tempest x3  
  185  16:41  High Templar x6  
  197  16:51  Shadow Stride (Chrono Boost)  
  197  16:57  Gateway  
  197  16:58  Pylon  
  197  16:59  Gateway  
  197  17:02  Gateway  
  197  17:03  Gateway  
  197  17:07  Pylon  
  197  17:09  High Templar  
  199  17:18  Photon Cannon  
  199  17:20  Nexus, Photon Cannon  
  199  17:21  Photon Cannon  
  197  17:25  Photon Cannon  
  197  17:28  Shield Battery, Observer  
  197  17:31  Shield Battery  
  197  17:35  Protoss Shields Level 2 (Chrono Boost)  
  193  17:43  Pylon  
  193  17:46  Shield Battery x2  
  193  17:49  Shield Battery  
  193  17:57  Pylon  
  193  17:58  Protoss Air Weapons Level 3 (Chrono Boost)  
  191  18:01  Protoss Air Armor Level 2 (Chrono Boost)  
  184  18:11  Dark Templar x9  
  198  18:46  Oracle  
  190  19:03  Pylon  
  190  19:04  Dark Templar  
  190  19:05  Dark Templar x5  
  190  19:06  Pylon  
  200  19:21  Pylon  
  200  19:27  Shield Battery  
  200  19:30  Shield Battery  
  198  19:31  Shield Battery  
  198  19:35  Pylon  
  198  19:38  Zealot  
  182  19:53  Dark Templar x9  
  183  20:07  Observer  
  183  20:14  Stalker x7  
  193  20:34  Gateway  
  193  20:35  Gateway  
  193  20:39  Observer  
  193  20:41  Shield Battery, Pylon  
  194  20:43  Shield Battery  
  194  20:45  Shield Battery  
  194  20:47  Shield Battery  
  194  20:49  Gateway  
  189  20:52  Stalker x6, Pylon  
  194  21:07  Disruptor  
  194  21:09  Tempest  
  194  21:10  Unknown  
  199  21:16  Disruptor  
  193  21:30  Stalker x10  
  196  21:37  Stalker x3  
  178  21:42  Stalker x3  
  121  21:54  Stalker x6  
  121  21:55  Stalker x4  
  121  21:57  Disruptor (Chrono Boost)  
  121  21:58  Disruptor (Chrono Boost)  
  123  22:09  Zealot x4  
  123  22:10  Zealot x5  
  141  22:20  Stalker x7  
  141  22:28  Nexus